 Dungeon Crawl Stone Soup version 0.30-a0-643-g638baaf3f0 (webtiles) character file.

Game seed: 864810990312960923

200 vineage the Trooper (level 5, -1/34 HPs)
             Began as a Gargoyle Fighter on Jan 16, 2023.
             Slain by an orc
             ... wielding a +0 club
              (4 damage)
             ... on level 3 of the Dungeon.
             The game lasted 00:02:22 (1896 turns).

vineage the Trooper (Gargoyle Fighter)              Turns: 1896, Time: 00:02:22

Health: -1/34      AC: 18    Str: 21    XL:     5   Next: 78%
Magic:  5/5        EV: 10    Int:  9    God:
Gold:   169        SH:  4    Dex:  9    Spells: 4/4 levels left

rFire   . . .      SeeInvis .    a - +0 flail
rCold   . . .      Faith    .    c - +0 buckler
rNeg    + . .      Spirit   .    m - +0 plate armour
rPois   ∞          Reflect  .    (no helmet)
rElec   +          Harm     .    i - +0 cloak
rCorr   .          Rampage  .    (no gloves)
Will    .....                    j - +0 pair of boots Stlth
                                 (no amulet)
HPRegen 0.25/turn                g - +5 ring of evasion
MPRegen 0.09/turn                (no ring)

@: no status effects
A: sickness immunity, AC +4, negative energy resistance 1, electricity
resistance, torment resistance 1, petrification resistance
a: no special abilities


You were on level 3 of the Dungeon.
You visited 1 branch of the dungeon, and saw 3 of its levels.

You collected 169 gold pieces.

Inventory:

Hand Weapons
 a - a +0 flail (weapon)
Armour
 c - a +0 buckler (worn)
 i - a +0 cloak (worn)
 j - a +0 pair of boots (worn)
 m - a +0 plate armour (worn)
Jewellery
 b - a ring of protection from fire
 g - a +5 ring of evasion (left hand)
Scrolls
 k - a scroll of identify
Potions
 d - a potion of might
 e - 2 potions of attraction
 f - a potion of haste
 h - a potion of flight {unknown}
 l - a potion of heal wounds {unknown}


   Skills:
 * Level 4.8 Fighting
 * Level 3.6 Maces & Flails
 + Level 4.0 Armour
 + Level 4.1 Shields


You had 4 spell levels left.
You didn't know any spells.
Your spell library contained the following spells:

 Spells                   Type           Power      Damage    Failure   Level
 Magic Dart               Conj           0%         1d3       100%        1
 Searing Ray              Conj           0%         2d4       100%        2
 Ignite Poison            Fire/Tmut/Pois 0%         N/A       100%        3
 Fulminant Prism          Conj/Hex       0%         3d5       100%        4
 Sticky Flame             Conj/Fire      0%         2d3       100%        4
 Ignition                 Fire           0%         3d3       100%        8


Dungeon Overview and Level Annotations

Branches:
Dungeon (3/15)

Altars:

Annotations:
D:3 2 transporters, jazmu's ghost, amateur FoHs


Innate Abilities, Weirdness & Mutations

You are immune to sickness and miasma.
Your stone body is resilient. (AC +4)
You are immune to poison.
You resist negative energy. (rN+)
You are resistant to electric shocks. (rElec)
You are resistant to unholy torment.
You are immune to petrification.


Message History

You hear a shout!
The orc barely misses you.
You hit the orc.
You kill the orc!
Items here: ))) [[ ††.
The orc priest shouts!
You block the orc's attack.
You closely miss the orc priest. The orc hits you but does no damage.
The orc priest hits you with a +0 hand axe.
You sock the orc priest!
The orc priest is almost dead.
The orc hits you but does no damage.
The orc priest calls down the wrath of Beogh upon you.
Beogh smites you!
You barely miss the orc priest.
The orc priest is almost dead.
The orc hits you but does no damage.
The orc priest hits you but does no damage.
The orc priest calls down the wrath of Beogh upon you.
Beogh smites you!
* * * LOW HITPOINT WARNING * * *
You block the orc's attack.
You are too injured to fight recklessly!
You are too injured to fight recklessly!
You are too injured to fight recklessly!
You are too injured to fight recklessly!
You are too injured to fight recklessly!
You are too injured to fight recklessly!
You are too injured to fight recklessly!
You are too injured to fight recklessly!
You are too injured to fight recklessly!
You are too injured to fight recklessly!
You are too injured to fight recklessly!
You are too injured to fight recklessly!
You are too injured to fight recklessly!
You are too injured to fight recklessly!
Items here: ))) [[ ††.
You barely miss the orc. You block the orc's attack.
You barely miss the orc. The orc hits you with a +0 club.
You die...

# #.o
.......####........# .
...........o@......#####
# #..........####....# #
#.#.(...... #.....#
#.##.....#. #.###.# ..#
#...##.###.###<# ##+#
#...†o....# #####o#####
#@# #.# #.# #.# #.# #.#
..# ###


You could see an orc priest and an orc.

Vanquished Creatures
  An ice beast (D:3)
  Terence (D:3)
  4 adders
  A worm (D:2)
  A dart slug (D:1)
  2 orcs (D:3)
  6 endoplasms
  4 giant cockroaches
  3 goblins
  2 hobgoblins (D:1)
  2 ball pythons
  4 bats
  4 frilled lizards
  5 kobolds
  7 rats
47 creatures vanquished.

Vanquished Creatures (others)
  4 toadstools (D:1)
4 creatures vanquished.

Grand Total: 51 creatures vanquished

Notes
Turn   | Place    | Note
-------+----------+-------------------------------------------
     0 | D:1      | vineage the Gargoyle Fighter began the quest for the Orb.
     0 | D:1      | Reached XP level 1. HP: 14/14 MP: 1/1
   204 | D:1      | Reached XP level 2. HP: 17/19 MP: 2/2
   777 | D:2      | Reached XP level 3. HP: 20/24 MP: 3/3
  1055 | D:2      | Reached XP level 4. HP: 29/29 MP: 4/4
  1263 | D:3      | Noticed jazmu's ghost (amateur FoHs)
  1298 | D:3      | Noticed Terence
  1597 | D:3      | Noticed an ice beast
  1614 | D:3      | Killed an ice beast
  1615 | D:3      | Reached XP level 5. HP: 14/34 MP: 5/5
  1815 | D:3      | Found a transporter.
  1819 | D:3      | Found a transporter.
  1885 | D:3      | Killed Terence
  1896 | D:3      | Slain by an orc

Illustrated notes

Levels and vault maps discovered:
D:1:      ldierk_walled_garden_2, layout_basic
D:2:      layout_rooms
D:3:      layout_loops_corners, gammafunk_ghost_arena, uniq_terence,
          uniq_crazy_yiuf_cottage

Skill      XL: |  1  2  3  4 |
---------------+-------------+-----
Fighting       | 4 |  4.8
Maces & Flails | 3 |  3.6
Armour         | 4 |  4.0
Shields        | 4 |  4.1

Action                   |  1- 3 |  4- 6 || total
-------------------------+-------+-------++-------
Melee: Flail             |   103 |    63 ||   166
  Use: Scroll            |     5 |     1 ||     6
Armor: Scale mail        |    41 |       ||    41
       Plate armour      |     5 |    39 ||    44
Dodge: Dodged            |    69 |    29 ||    98
Block: Buckler           |    21 |    15 ||    36

Table legend: (Time is in decaauts)
 A = Elapsed time spent in this place.
 B = Non-inter-level travel time spent in this place.
 C = Inter-level travel time spent in this place.
 D = Time resting spent in this place.
 E = Time spent auto-exploring this place.
 F = Levels seen in this place.
 G = Mean time per level.
                   A        B        C        D        E       F      G
               +--------+--------+--------+--------+--------+-----+--------+
         Total |   1951 |   1896 |     55 |     77 |   1372 |   3 |  650.3 |
       Dungeon |   1951 |   1896 |     55 |     77 |   1372 |   3 |  650.3 |
               +--------+--------+--------+--------+--------+-----+--------+

Top non-repeatable levels by time:
     D:1: 727 daAuts
     D:3: 665 daAuts
     D:2: 558 daAuts
